 Dungeon Crawl Stone Soup version 0.26-a0-651-gb41185065b (webtiles) character file.

Game seed: 7101356374717558785

9 Azzok the Skirmisher (level 2, 23/24 HPs)
             Began as a Demonspawn Fighter on Oct 10, 2020.
             Quit the game on level 1 of the Dungeon.
             The game lasted 00:00:30 (202 turns).

Azzok the Skirmisher (Demonspawn Fighter)            Turns: 202, Time: 00:00:30

Health: 23/24      AC:  6    Str: 16    XL:     2   Next: 3%
Magic:  2/2        EV:  6    Int:  9    God:
Gold:   0          SH:  8    Dex: 12    Spells: 1/1 levels left

rFire    . . .     SeeInvis .     - Unarmed
rCold    . . .     Faith    .   b - +0 kite shield
rNeg     . . .     Spirit   .   a - +0 scale mail
rPois    .         Reflect  .   (helmet restricted)
rElec    .         Harm     .   (no cloak)
rCorr    .         Rampage  .   (no gloves)
MR       .....                  (no boots)
Stlth    ..........             (no amulet)
HPRegen  0.08/turn              (no ring)
MPRegen  0.08/turn              (no ring)

@: no status effects
A: horns 1
a: no special abilities


You were on level 1 of the Dungeon.
You visited 1 branch of the dungeon, and saw 1 of its levels.

Inventory:

Armour
 a - a +0 scale mail (worn)
 b - a +0 kite shield (worn)
Potions
 c - a potion of might
 d - a potion of curing {unknown}
 e - a potion of flight {unknown}


   Skills:
 + Level 3.3 Fighting
 - Level 2.6 Armour
 - Level 2.6 Shields
 + Level 2.1 Unarmed Combat


You had one spell level left.
You didn't know any spells.
Your spell library was empty.

Dungeon Overview and Level Annotations

Branches:
Dungeon (1/15)

Altars:


Innate Abilities, Weirdness & Mutations

You have a pair of small horns on your head.


Message History

The hobgoblin is almost dead.
You block the hobgoblin's attack.
You hit the hobgoblin.
You kill the hobgoblin!
You have reached level 2!
Your demonic ancestry asserts itself...
A pair of horns grows on your head!
Quiver which item? (- for none, * to show all) (? for menu, Esc to quit)
You don't have any such object.
Quiver which item? (- for none, * to show all) (? for menu, Esc to quit)
Huh?
Quiver which item? (- for none, * to show all) (? for menu, Esc to quit)
You don't have any such object.
Quiver which item? (- for none, * to show all) (? for menu, Esc to quit)
Quiver which item? (- for none, * to show all) (? for menu, Esc to quit)
Quiver which item? (- for none, * to show all) (? for menu, Esc to quit)
Quiver which item? (- for none, * to show all) (? for menu, Esc to quit)
Quiver which item? (- for none, * to show all) (? for menu, Esc to quit)
Okay, then.
Are you sure you want to abandon this character and quit the game? (Confirm with "yes".)

·▒·······▒
▒····▒····▒
··▒▒▒·▒··▒▒
▒▒▒··▒ ▒··▒
▒··▒ ▒··▒
▒▒▒▒▒▒··▒▒▒
······)@†·▒
········▒··▒
▒▒▒·▒······▒
▒···▒▒▒··▒
▒··· ·▒▒
▒··▒▒ ·▒
▒··· ·▒ ··▒
▒▒


There were no monsters in sight!

Vanquished Creatures
  2 hobgoblins (D:1)
  3 jackals (D:1)
  2 frilled lizards (D:1)
  A rat (D:1)
8 creatures vanquished.

Notes
Turn   | Place    | Note
-------+----------+-------------------------------------------
     0 | D:1      | Azzok the Demonspawn Fighter began the quest for the Orb.
     0 | D:1      | Reached XP level 1. HP: 18/18 MP: 1/1
   201 | D:1      | Gained mutation: You have a pair of small horns on your
                  | head. [demonic ancestry]
   201 | D:1      | Reached XP level 2. HP: 22/24 MP: 2/2
   202 | D:1      | Quit the game

Illustrated notes

Levels and vault maps discovered:
D:1:      dpeg_arrival_tiny_a, layout_loops_ring, st_stairs_2,
          corexii_corridor_pit, minmay_vboxes

Skill      XL: |  1 |
---------------+----+-----
Unarmed Combat | 2 |  2.1
Fighting       | |  3.3
Armour         | |  2.6
Shields        | |  2.6

Action                   || total
-------------------------++-------
Melee: Unarmed           ||    47
Armor: Scale mail        ||    21
Dodge: Dodged            ||    14
Block: Kite shield       ||    19

Table legend: (Time is in decaauts)
 A = Elapsed time spent in this place.
 B = Non-inter-level travel time spent in this place.
 C = Inter-level travel time spent in this place.
 D = Time resting spent in this place.
 E = Time spent auto-exploring this place.
 F = Levels seen in this place.
 G = Mean time per level.
                   A        B        C        D        E       F      G
               +--------+--------+--------+--------+--------+-----+--------+
         Total |    204 |    204 |      0 |     71 |     63 |   1 |  204.0 |
       Dungeon |    204 |    204 |      0 |     71 |     63 |   1 |  204.0 |
               +--------+--------+--------+--------+--------+-----+--------+

Top non-repeatable levels by time:
     D:1: 204 daAuts
